 Dungeon Crawl Stone Soup version 0.26-a0-639-g72c4674329 (webtiles) character file.

Game seed: 1604584784261555079

4405 Ijustatesigmund the Slinger (level 10, -13/69 HPs)
             Began as a Halfling Hunter on Sept 18, 2020.
             Mangled by a two-headed ogre
             ... wielding a +0 giant spiked club
              (18 damage)
             ... on level 8 of the Dungeon.
             The game lasted 00:32:26 (10663 turns).

Ijustatesigmund the Slinger (Halfling Hunter)      Turns: 10663, Time: 00:32:27

Health: -13/69     AC:  6    Str: 14    XL:     10   Next: 61%
Magic:  10/10      EV: 19    Int:  9    God:
Gold:   447        SH:  8    Dex: 24    Spells: 9/9 levels left

rFire    . . .     SeeInvis .   b - +1 rapier (venom)
rCold    + . .     Faith    .   v - +1 buckler
rNeg     . . .     Spirit   .   c - +2 leather armour {rC+}
rPois    +         Reflect  .   (no helmet)
rElec    .         Harm     .   d - +0 cloak
rCorr    .         Rampage  .   (no gloves)
MR       .....                  (no boots)
Stlth    +++.......             (no amulet)
HPRegen  0.21/turn              z - ring of poison resistance (curse)
MPRegen  0.12/turn              y - +6 ring of dexterity (curse)

@: stab
A: small, mutation resistance 2, wild magic 1
a: no special abilities


You were on level 8 of the Dungeon.
You visited 2 branches of the dungeon, and saw 10 of its levels.

You collected 447 gold pieces.

Inventory:

Hand Weapons
 a - a +3 hunting sling
 b - a +1 rapier of venom (weapon)
 A - a +0 long sword of flaming
Missiles
 f - 198 stones (quivered)
 i - 2 datura-tipped darts
Armour
 c - a +2 leather armour of cold resistance (worn)
 d - a +0 cloak (worn)
 e - a scarf of shadows
 v - a +1 buckler (worn)
Jewellery
 h - an uncursed ring of stealth
 k - an uncursed ring of protection from cold
 p - a +4 ring of evasion
 t - an uncursed ring of protection from cold
 y - a cursed +6 ring of dexterity (right hand)
 z - a cursed ring of poison resistance (left hand)
Wands
 l - a wand of polymorph (6)
 o - a wand of digging (4)
 E - a wand of acid (1)
Scrolls
 g - 5 scrolls of identify
 w - a scroll of blinking
 B - 2 scrolls of remove curse
Potions
 j - a potion of brilliance
 q - a potion of magic
 u - a potion of stabbing
 x - a potion of flight


   Skills:
 - Level 6.7 Fighting
 - Level 6.1 Short Blades
 + Level 12.6 Slings
 - Level 4.0 Armour
 - Level 5.6 Dodging
 + Level 5.2 Stealth
 - Level 4.1 Shields


You had 9 spell levels left.
You didn't know any spells.
Your spell library was empty.

Dungeon Overview and Level Annotations

Branches:
Dungeon (9/15)             Temple (1/1) D:4
   Lair: D:8-11         Orc: D:9-12

Altars:
Ashenzari
Dithmenos
Elyvilon
Fedhas
Gozag
Hepliaklqana
Kikubaaqudgha
Makhleb
Nemelex Xobeh
Okawaru
Qazlal
Ru
Sif Muna
Trog
Uskayaw
Vehumet
Wu Jian
Xom
Yredelemnul
Zin
The Shining One

Shops:
D:9 (

Annotations:
D:7 2 transporters, miberto's ghost, novice TrBe


Innate Abilities, Weirdness & Mutations

You are small and have problems with some larger weapons.
You are somewhat resistant to both further mutation and mutation removal.
Your spells are a little harder to cast, but a little more powerful.


Message History

You closely miss the two-headed ogre.
The two-headed ogre is heavily wounded.
The two-headed ogre hits you with a +0 giant spiked club!
The two-headed ogre misses you.
You barely miss the two-headed ogre.
The two-headed ogre is severely wounded.
The two-headed ogre hits you with a +0 giant spiked club.
The two-headed ogre closely misses you.
You puncture the two-headed ogre!
The two-headed ogre is almost dead.
You barely miss the two-headed ogre.
The two-headed ogre is almost dead.
The two-headed ogre hits you with a +0 giant spiked club!!
The two-headed ogre hits you with a +0 dire flail!
* * * LOW HITPOINT WARNING * * *
You hit the two-headed ogre but do no damage.
The two-headed ogre looks as sick as possible!
The two-headed ogre is almost dead.
The two-headed ogre hits you with a +0 giant spiked club!!
You die...

....## .##..## ###...## ##...##
. #....#### .. ##.......###
#### ##........[.# #..###
#...........#####....## .
#..............@O.(...#####..s(
#.......>...##.....(.(....(#
##..........####.....(.###.(...
#..........# #........## #..
#.........## #.........#
##........# #.........#
#.###.#### ##.......## ### ###
##....### ######


You could see a two-headed ogre (extremely poisoned).

Vanquished Creatures
  A wizard (D:9)
  Grinder (D:4)
  2 hippogriffs (D:7)
  A wyvern (D:9)
  Eustachio (D:4)
  Grum (D:8)
  Edmund (D:6)
  A water moccasin (D:6)
  2 orc warriors
  An ice beast (D:8)
  A phantom (D:7)
  A necrophage (D:7)
  4 ogres
  2 wolves (D:8)
  A centaur (D:7)
  A big kobold (D:9)
  4 bullfrogs
  A scorpion (D:4)
  3 wights (D:7)
  A howler monkey (D:5)
  A hound (D:7)
  A gnoll shaman (D:7)
  4 orc priests
  2 jellies (D:7)
  Ijyb (D:4)
  6 orc wizards
  3 worker ants
  A worker ant zombie (D:5)
  11 adders
  4 howler monkey skeletons
  9 gnolls
  A white imp (D:7)
  2 ufetubi
  An adder zombie (D:5)
  A worm (D:2)
  26 orcs
  A ball python (D:2)
  7 giant cockroaches
  5 goblins
  4 hobgoblins (D:1)
  14 jackals
  2 quokkas
  5 bats
  3 frilled lizards
  A jackal zombie (D:4)
  10 kobolds
  5 rats
162 creatures vanquished.

Vanquished Creatures (collateral kills)
  Erica (D:8)
  A scorpion (D:8)
  A gnoll (D:3)
  2 orcs (D:7)
5 creatures vanquished.

Vanquished Creatures (others)
  An orc (D:7)
1 creature vanquished.

Grand Total: 168 creatures vanquished

Notes
Turn   | Place    | Note
-------+----------+-------------------------------------------
     0 | D:1      | Ijustatesigmund the Halfling Hunter began the quest for the
                  | Orb.
     0 | D:1      | Reached XP level 1. HP: 14/14 MP: 1/1
    46 | D:1      | Reached skill level 6 in Slings
   107 | D:1      | Reached XP level 2. HP: 19/19 MP: 2/2
   681 | D:2      | Reached XP level 3. HP: 25/25 MP: 3/3
  1265 | D:2      | Found a white marble altar of Elyvilon.
  1349 | D:2      | Reached XP level 4. HP: 30/30 MP: 4/4
  2512 | D:3      | Reached skill level 7 in Slings
  2527 | D:3      | Reached XP level 5. HP: 14/36 MP: 5/5
  3806 | D:4      | Reached XP level 6. HP: 38/43 MP: 6/6
  3846 | D:4      | Noticed Eustachio
  3870 | D:4      | Killed Eustachio
  3870 | D:4      | Reached skill level 8 in Slings
  3931 | D:4      | Noticed Grinder
  3946 | D:4      | Paralysed by Grinder for 4 turns
  3958 | D:4      | Killed Grinder
  3958 | D:4      | Reached skill level 9 in Slings
  3958 | D:4      | Reached XP level 7. HP: 25/49 MP: 7/7
  4152 | D:4      | Noticed Ijyb
  4224 | D:4      | Killed Ijyb
  4224 | D:4      | Reached skill level 5 in Fighting
  4687 | D:4      | Found a staircase to the Ecumenical Temple.
  4811 | Temple   | Entered the Ecumenical Temple
  5072 | D:4      | Found a burning altar of Makhleb.
  5086 | D:4      | Found an iron altar of Okawaru.
  5128 | D:4      | Gained mutation: You are somewhat resistant to both further
                  | mutation and mutation removal. [potion of mutation]
  5128 | D:4      | Gained mutation: Your spells are a little harder to cast,
                  | but a little more powerful. [potion of mutation]
  5171 | D:4      | Reached skill level 1 in Short Blades
  5177 | D:4      | Reached skill level 1 in Armour
  5177 | D:4      | Reached skill level 1 in Shields
  5457 | D:5      | Entered Level 5 of the Dungeon
  5571 | D:5      | Reached XP level 8. HP: 26/55 MP: 8/8
  6982 | D:6      | You fall into a shaft and drop 3 floors!
  7222 | D:7      | Noticed a raiju
  7414 | D:6      | Noticed Edmund
  7430 | D:6      | Killed Edmund
  7430 | D:6      | Reached XP level 9. HP: 58/61 MP: 9/9
  7584 | D:7      | Reached skill level 10 in Slings
  7586 | D:7      | Found a shadowy altar of Dithmenos.
  7587 | D:7      | Noticed a hippogriff
  7612 | D:7      | Killed a hippogriff
  7737 | D:7      | Found a bloodstained altar of Trog.
  7791 | D:7      | Noticed a hippogriff
  7801 | D:7      | Killed a hippogriff
  7910 | D:7      | Reached skill level 5 in Short Blades
  8102 | D:7      | Found a transporter.
  8104 | D:7      | Noticed miberto's ghost (novice TrBe)
  8105 | D:7      | Found a transporter.
  8350 | D:7      | Noticed a hornet
  8350 | D:7      | a wyvern changed into a hornet
  8357 | D:7      | a hornet changed into a porcupine
  8698 | D:8      | Reached skill level 11 in Slings
  8713 | D:8      | Reached skill level 5 in Dodging
  8850 | D:8      | Reached XP level 10. HP: 48/69 MP: 10/10
  9052 | D:8      | Found a sparkling altar of Nemelex Xobeh.
  9116 | D:8      | Noticed Grum
  9138 | D:8      | Killed Grum
  9329 | D:8      | Noticed a two-headed ogre
  9519 | D:9      | Noticed a wizard
  9539 | D:9      | Paralysed by a wizard for 5 turns
  9557 | D:9      | Killed a wizard
  9557 | D:9      | Reached skill level 12 in Slings
  9763 | D:9      | Found Xaad's Antique Weapon Shoppe.
 10037 | D:8      | Noticed Erica
 10072 | D:8      | HP: 3/69 [something/bolt of poison (8)]
 10521 | D:8      | Killed Erica
 10521 | D:8      | Reached skill level 5 in Stealth
 10663 | D:8      | Mangled by a two-headed ogre

Illustrated notes

Levels and vault maps discovered:
D:1:      matt_arrival_diagonals, layout_loops_ring, minmay_misc_feat_pillars
D:2:      layout_basic, elyvilon_altar_5
D:3:      layout_rooms, hangedman_decor_points
D:4:      layout_basic, amethyst_overflow_temple_binary,
          minmay_temple_entry_nine_rooms, uniq_ijyb, uniq_eustachio,
          uniq_grinder
D:5:      layout_basic, serial_rivers, chequers_serial_rivers_small_3,
          chequers_serial_rivers_small_b, chequers_serial_rivers_small_a,
          chequers_serial_rivers_micro_e, chequers_serial_rivers_micro_c
D:6:      layout_basic, uniq_edmund
D:7:      layout_loops_ring, lightli_temple_of_fire, gammafunk_ghost_arena,
          minmay_ruined_shrine
D:8:      layout_cave_pods, lemuel_coloured_pillars_altar, kennysheep_mini_moat,
          minivault_4, uniq_joseph, uniq_grum, uniq_erica
D:9:      cheibrodos_wizards_tower, layout_stronghold, serial_shops, shop,
          st_stairs_14
Temple:   regret_index_temple_sphere_string

Skill      XL: |  1  2  3  4  5  6  7  8  9 10 |
---------------+-------------------------------+-----
Slings         | 6 7 9 11 12 | 12.6
Fighting       | 2 3 4 5 6 |  6.7
Stealth        | 2 5 |  5.2
Short Blades   | 2 4 5 6 |  6.1
Armour         | 1 4 |  4.0
Shields        | 1 4 |  4.1
Dodging        | 5 |  5.6

Action                   |  1- 3 |  4- 6 |  7- 9 | 10-12 || total
-------------------------+-------+-------+-------+-------++-------
Melee: Short sword       |     2 |    53 |    10 |       ||    65
       Unarmed           |       |       |     2 |       ||     2
       Rapier            |       |       |   121 |   123 ||   244
       Hunting sling     |       |       |       |    11 ||    11
 Fire: Hunting sling     |    79 |   116 |   275 |    26 ||   496
Throw: Dart              |       |    16 |     9 |    10 ||    35
       Throwing net      |       |       |       |     1 ||     1
Evoke: Wand              |       |       |       |     5 ||     5
  Use: Scroll            |     5 |     9 |     8 |     2 ||    24
       Potion            |     1 |     5 |     5 |     7 ||    18
 Stab: Invisible         |       |     2 |     2 |     1 ||     5
       Sleeping          |       |       |     3 |       ||     3
Armor: Skin              |     5 |       |     1 |       ||     6
       Leather armour    |       |       |    12 |    14 ||    26
Dodge: Dodged            |    16 |    73 |   164 |   106 ||   359
Block: Buckler           |       |       |    68 |    65 ||   133

Table legend: (Time is in decaauts)
 A = Elapsed time spent in this place.
 B = Non-inter-level travel time spent in this place.
 C = Inter-level travel time spent in this place.
 D = Time resting spent in this place.
 E = Time spent auto-exploring this place.
 F = Levels seen in this place.
 G = Mean time per level.
                   A        B        C        D        E       F      G
               +--------+--------+--------+--------+--------+-----+--------+
         Total |  10533 |  10274 |    259 |   3473 |   5216 |  10 | 1053.3 |
       Dungeon |  10371 |  10141 |    230 |   3473 |   5082 |   9 | 1152.3 |
        Temple |    162 |    134 |     28 |      0 |    134 |   1 |  162.0 |
               +--------+--------+--------+--------+--------+-----+--------+

Top non-repeatable levels by time:
     D:3: 2007 daAuts
     D:8: 1472 daAuts
     D:2: 1452 daAuts
     D:7: 1417 daAuts
     D:4: 1159 daAuts
     D:5: 987 daAuts
     D:6: 724 daAuts
     D:1: 637 daAuts
     D:9: 512 daAuts
  Temple: 162 daAuts
